 Dungeon Crawl Stone Soup version 0.29-a0-364-g921d912d32 (webtiles) character file.

Game seed: 14267612577661107479

9363 holysushi the Slicer (level 11, -2/69 (72) HPs)
             Began as a Kobold Monk on Apr 30, 2022.
             Was an Initiate of Gozag.
             Slain by a cane toad (17 damage)
             ... on level 1 of the Lair of Beasts.
             The game lasted 00:20:19 (13316 turns).

holysushi the Slicer (Kobold Monk)                 Turns: 13316, Time: 00:20:20

HP:   -2/69 (72)    AC: 11    Str:  8    XL:     11   Next: 73%
MP:   11/11         EV: 19    Int: 12    God:    Gozag
Gold: 1413          SH:  0    Dex: 22    Spells: 10/10 levels left

rFire   . . .      SeeInvis +   y - +1 dagger (elec)
rCold   . . .      Faith    .   (no shield)
rNeg    . . .      Spirit   .   z - +3 ring mail "Otweamem" {SInv}
rPois   +          Reflect  .   i - +1 helmet
rElec   .          Harm     .   (no cloak)
rCorr   .          Rampage  .   (no gloves)
Will    .....                   c - +0 pair of boots
Stlth   +++++.....              (no amulet)
HPRegen 0.21/turn               h - ring of poison resistance
MPRegen 0.12/turn               (no ring)

@: gold aura, hasted, studying Slings, lightly drained, very quick
A: small, no large weapons, nightstalker 3
a: Renounce Religion, Potion Petition, Call Merchant, Bribe Branch


You were on level 1 of the Lair of Beasts.
You worshipped Gozag.
Gozag was most pleased with you.
You visited 2 branches of the dungeon, and saw 10 of its levels.
You visited the Abyss 1 time.
You also visited: Sewer.

You collected 1413 gold pieces.

Inventory:

Hand Weapons
 a - a +0 short sword of flaming
 r - a +2 dagger of flaming
 y - a +1 dagger of electrocution (weapon)
Armour
 b - a +0 robe
 c - a +0 pair of boots (worn)
 i - a +1 helmet (worn)
 z - the +3 ring mail "Otweamem" (worn) {SInv}
   (You found it on level 6 of the Dungeon)

   SInv:      It lets you see invisible.
Jewellery
 h - a ring of poison resistance (left hand)
 m - an amulet of faith
 u - a +4 ring of protection
 v - a ring of see invisible
Wands
 n - a wand of flame (2)
 w - a wand of charming (8)
 C - a wand of mindburst (12)
 D - a wand of acid (6)
Scrolls
 k - 4 scrolls of immolation {unknown}
 o - 3 scrolls of identify
 p - 6 scrolls of magic mapping {unknown}
 q - a scroll of amnesia {unknown}
 x - a scroll of acquirement {unknown}
 A - a scroll of brand weapon
 E - a scroll of enchant armour {unknown}
Potions
 d - 4 potions of curing
 f - 4 potions of resistance
 g - a potion of flight
 j - 3 potions of heal wounds
 s - 4 potions of haste
 t - a potion of might {unknown}
 B - a potion of attraction


   Skills:
 + Level 10.0 Fighting
 + Level 14.1 Short Blades
 * Level 11.1 Dodging
 + Level 9.2 Stealth
 - Level 4.0 Evocations


You had 10 spell levels left.
You didn't know any spells.
Your spell library contained the following spells:

 Spells                   Type           Power      Damage    Failure   Level
 Animate Skeleton         Necr           0%         N/A       71%         1
 Magic Dart               Conj           0%         1d3       71%         1
 Pain                     Necr           0%         1d4       71%         1
 Slow                     Hex            0%         N/A       71%         1
 Searing Ray              Conj           0%         2d4       83%         2
 Confusing Touch          Hex            0%         N/A       97%         3
 Vampiric Draining        Necr           0%         2d6       97%         3
 Fulminant Prism          Conj/Hex       0%         3d6       100%        4


Dungeon Overview and Level Annotations

Branches:
Dungeon (9/15)             Temple (0/1) D:6            Lair (1/6) D:9
  Sewer (visited)
    Orc: D:9-12

Altars:
Ashenzari
Cheibriados
Elyvilon
Gozag
Qazlal
Sif Muna
Uskayaw
Wu Jian
The Shining One

Shops:
D:3 :

Annotations:
D:8 3 runed translucent doors
Lair:1 1 runed translucent door, Juaxitin's ghost, novice GrFi


Innate Abilities, Weirdness & Mutations

You are small and have problems with some larger weapons.
You are completely attuned to the shadows.


Message History

The polar bear is heavily wounded.
You hit the polar bear.
The polar bear is heavily wounded.
You barely miss the polar bear.
The polar bear is heavily wounded.
You hit the polar bear but do no damage.
Lightning courses through the polar bear!
The polar bear is severely wounded.
The polar bear goes berserk!
You barely miss the polar bear.
The polar bear is severely wounded.
You hit the polar bear.
The polar bear is severely wounded.
The polar bear bites you! The polar bear completely misses you.
The polar bear barely misses you.
You hit the polar bear but do no damage.
The polar bear is severely wounded.
You hit the polar bear but do no damage.
The polar bear is severely wounded.
The polar bear misses you. The polar bear barely misses you.
The polar bear claws you but does no damage.
You hit the polar bear but do no damage.
The polar bear is severely wounded.
You hit the polar bear.
Lightning courses through the polar bear!
You kill the polar bear!
The cane toad misses you.
You see here 16 gold pieces.
The cane toad completely misses you. The cane toad stings you!
* * * LOW HITPOINT WARNING * * *
You hit the cane toad but do no damage. You hit the cane toad but do no damage.
Lightning courses through the cane toad!!
The cane toad is heavily wounded.
You closely miss the cane toad.
The cane toad is heavily wounded.
The cane toad stings you!
You die...
Your body crumbles into a pile of gold.

♣i W♣♣.♣ ###i♣
.......# .8####..
.......# .........
........# .#.......
........# .........
.....@..# ##.......
....F...#
#.....#########$#..#
##....#.........#....
................+....
......#.........#....
....^...........#
......#+##.#..P.#
....... ........


You could see a cane toad.

Vanquished Creatures
  A centaur warrior (D:8)
  A two-headed ogre (D:9)
  An ugly thing (D:8)
  A smoke demon (Abyss:2)
  Joseph (D:8)
  A komodo dragon (D:9)
  A polar bear (Lair:1)
  Prince Ribbit (D:8)
  Sigmund (D:3)
  2 wyverns (D:8)
  A large abomination (Abyss:2)
  11 yaks
  A steam dragon (D:8)
  A vampire mosquito (D:8)
  2 acid dragons
  3 water moccasins
  2 ice beasts
  A sky beast (D:6)
  4 orc warriors
  2 centaurs (D:8)
  2 kobold brigands (Sewer)
  3 phantoms
  2 gnoll sergeants
  5 bullfrogs
  2 necrophages (D:6)
  4 scorpions
  15 wights
  A small abomination (Abyss:2)
  3 howler monkeys (D:8)
  2 electric eels (D:7)
  5 jellies
  3 hounds
  2 gnoll shamans
  3 iguanas
  4 orc priests
  7 orc wizards
  Terence (D:3)
  11 gnolls
  12 adders
  5 river rats
  2 white imps
  An ufetubus (D:4)
  3 dart slugs
  2 worms
  30 orcs
  15 ball pythons
  10 endoplasms
  5 giant cockroaches
  7 hobgoblins
  9 jackals
  5 quokkas
  8 bats
  10 frilled lizards
  10 goblins
  10 kobolds
  10 rats
268 creatures vanquished.

Vanquished Creatures (others)
  5 fungi (Lair:1)
  27 plants
32 creatures vanquished.

Grand Total: 300 creatures vanquished

Notes
Turn   | Place    | Note
-------+----------+-------------------------------------------
     0 | D:1      | holysushi the Kobold Monk began the quest for the Orb.
     0 | D:1      | Reached XP level 1. HP: 14/14 MP: 1/1
    97 | D:1      | Reached XP level 2. HP: 19/19 MP: 2/2
   437 | D:1      | Reached XP level 3. HP: 18/24 MP: 3/3
   528 | D:1      | Reached skill level 5 in Short Blades
  1019 | D:2      | Found a faded altar of an unknown god.
  1110 | D:2      | Found a shimmering blue altar of Sif Muna.
  1858 | D:3      | Reached XP level 4. HP: 29/29 MP: 4/4
  1871 | D:3      | Noticed Sigmund
  1900 | D:3      | Killed Sigmund
  1901 | D:3      | Reached skill level 7 in Short Blades
  1901 | D:3      | Reached XP level 5. HP: 21/34 MP: 5/5
  1901 | D:3      | Reached XP level 6. HP: 25/40 MP: 6/6
  2230 | D:3      | Found a glowing drain.
  2253 | Sewer    | Entered a sewer
  2366 | Sewer    | Reached skill level 5 in Fighting
  2518 | Sewer    | Reached skill level 8 in Short Blades
  2912 | Sewer    | Reached XP level 7. HP: 42/44 MP: 7/7
  3805 | D:3      | Noticed Terence
  3810 | D:3      | Killed Terence
  4020 | D:3      | Reached skill level 9 in Short Blades
  4154 | D:3      | Found Qicemeur's Book Shoppe.
  4840 | D:4      | Reached XP level 8. HP: 38/51 MP: 8/8
  5137 | D:4      | Found an ornate altar of the Wu Jian Council.
  5431 | D:5      | Entered Level 5 of the Dungeon
  5536 | D:5      | Found a broken altar of Ashenzari.
  5544 | D:5      | Reached skill level 10 in Short Blades
  5768 | D:5      | Found an opulent altar of Gozag.
  6202 | D:5      | Became a worshipper of Gozag Ym Sagoz the Greedy
  6685 | D:6      | Noticed a yak
  6697 | D:6      | Reached skill level 11 in Short Blades
  6731 | D:6      | Killed a yak
  6824 | D:6      | Reached XP level 9. HP: 14/57 MP: 9/9
  7316 | D:6      | Reached skill level 12 in Short Blades
  7568 | D:6      | Identified the +3 ring mail "Otweamem" {SInv}
  7605 | D:6      | Reached skill level 5 in Dodging
  8081 | D:6      | Found a staircase to the Ecumenical Temple.
  8308 | D:6      | Reached skill level 5 in Stealth
  8704 | D:7      | Reached XP level 10. HP: 64/64 MP: 10/10
  8983 | D:7      | Found a white marble altar of Elyvilon.
  9573 | D:8      | Reached skill level 13 in Short Blades
  9718 | D:8      | Found a runed translucent gate.
  9718 | D:8      | Found a runed translucent gate.
  9718 | D:8      | Found a runed translucent gate.
 10100 | D:8      | Noticed Prince Ribbit
 10121 | D:8      | Killed Prince Ribbit
 10468 | D:8      | Noticed a cyan ugly thing
 10632 | D:8      | Noticed Joseph
 10633 | D:8      | Killed Joseph
 10816 | D:8      | Reached skill level 1 in Evocations
 10816 | D:8      | Reached XP level 11. HP: 58/71 MP: 11/11
 11034 | D:8      | Killed a cyan ugly thing
 11040 | D:8      | Noticed a centaur warrior
 11053 | D:8      | Killed a centaur warrior
 11054 | D:8      | Reached skill level 10 in Dodging
 11057 | D:8      | Noticed an anaconda
 11264 | D:8      | Noticed a deep troll
 11646 | D:9      | Found a snail-covered altar of Cheibriados.
 11664 | D:9      | Cast into level 1 of the Abyss (gnoll sergeant)
 11734 | Abyss:2  | Noticed a glowing orange brain
 11914 | Abyss:2  | Noticed a hell hog
 11958 | Abyss:2  | Noticed an Executioner
 11977 | Abyss:2  | Noticed a thrashing horror
 12028 | D:9      | Escaped the Abyss
 12206 | D:9      | Noticed a two-headed ogre
 12210 | D:9      | Killed a two-headed ogre
 12211 | D:9      | Reached skill level 10 in Fighting
 12211 | D:9      | Reached skill level 14 in Short Blades
 12253 | D:9      | Found a staircase to the Lair.
 12587 | D:9      | Found a glowing golden altar of the Shining One.
 13065 | D:9      | Found a hide-covered altar of Uskayaw.
 13067 | D:9      | Found a stormy altar of Qazlal.
 13145 | Lair:1   | Entered Level 1 of the Lair of Beasts
 13161 | Lair:1   | Found a runed translucent door.
 13169 | Lair:1   | Identified the +2 trident "Dragon's Tongue" {vorpal, rElec
                  | rPois rF- Str+6}
 13171 | Lair:1   | Noticed Juaxitin's ghost (novice GrFi)
 13316 | Lair:1   | Slain by a cane toad

Illustrated notes

Levels and vault maps discovered:
D:1:      psy_arrival_dodecagon, layout_rooms,
          hangedman_abyss_or_decor_lesser_grid, minivault_4,
          minmay_misc_feat_alley, grunt_decor_fettered, minmay_hexomino_u4
D:2:      layout_loops_ring, basic_ecumenical_altar, basic_altar
D:3:      minmay_chambers_of_twos, layout_rooms, gup_sewer_entry_bubbles,
          serial_shops, nicolae_shop_waterfront, uniq_terence, uniq_sigmund
D:4:      layout_basic, nicolae_wu_jian_immortal_techniques,
          minmay_fractal_squares_gapless_5
D:5:      layout_loops_ring, mainiacjoe_overflow_catwalk, ashenzari_altar_1
D:6:      layout_cave_pools, temple_doors_cd,
          nicolae_concentric_dashed_squares_wild, minmay_manual_mail
D:7:      layout_cave_pools, lemuel_crystal_altar, serial_bayou,
          serial_bayou_pond_d, serial_bayou_pond_a, serial_bayou_shore_a,
          serial_bayou_shore_b
D:8:      minmay_slanted_spiral_squares, layout_loops_ring,
          gammafunk_ghost_ooze, uniq_prince_ribbit1, uniq_joseph
D:9:      layout_roguey, nicolae_tso_swordbearing_angel,
          chequers_temple_overflow_statue_of_worship, lair_entry_dummy,
          amethyst_killhole, ebering_dispersal_statue_hall
Lair:1:   beast_lair_carwin_large_2, layout_chaotic_city,
          ebering_ghost_funeral_grove, infiniplex_staircase_pool,
          lemuel_fruit_tree

Skill      XL: |  1  2  3  4  5  6  7  8  9 10 11 |
---------------+----------------------------------+-----
Short Blades   | 5 7 8 9 11 12 13 14 | 14.1
Fighting       | 4 5 6 7 8 9 10 | 10.0
Dodging        | 6 9 11 | 11.1
Stealth        | 5 7 9 |  9.2
Evocations     | 1 4 |  4.0

Action                   |  1- 3 |  4- 6 |  7- 9 | 10-12 || total
-------------------------+-------+-------+-------+-------++-------
Melee: Short sword       |    78 |       |       |       ||    78
       Dagger            |       |   162 |   524 |   438 ||  1124
       Punch             |       |     1 |    10 |     5 ||    16
Evoke: Wand              |       |       |     9 |     7 ||    16
  Use: Scroll            |     4 |       |     3 |     4 ||    11
       Potion            |       |       |    10 |     4 ||    14
 Stab: Sleeping          |    17 |     4 |    24 |     8 ||    53
       Distracted        |       |       |     1 |     6 ||     7
       Invisible         |       |       |     4 |     2 ||     6
Armor: Robe              |     4 |    35 |    30 |       ||    69
       Ring mail         |       |       |    31 |    61 ||    92
Dodge: Dodged            |    49 |   135 |   244 |   216 ||   644

Table legend: (Time is in decaauts)
 A = Elapsed time spent in this place.
 B = Non-inter-level travel time spent in this place.
 C = Inter-level travel time spent in this place.
 D = Time resting spent in this place.
 E = Time spent auto-exploring this place.
 F = Levels seen in this place.
 G = Mean time per level.
                   A        B        C        D        E       F      G
               +--------+--------+--------+--------+--------+-----+--------+
         Total |  13025 |  12785 |    240 |   3716 |   6018 |  14 |  930.4 |
       Dungeon |  10916 |  10676 |    240 |   3159 |   5277 |   9 | 1212.9 |
          Lair |    146 |    146 |      0 |     37 |     65 |   1 |  146.0 |
         Abyss |    351 |    351 |      0 |      0 |      0 |   3 |  117.0 |
         Sewer |   1610 |   1610 |      0 |    520 |    675 |   1 | 1610.0 |
               +--------+--------+--------+--------+--------+-----+--------+

Top non-repeatable levels by time:
     D:8: 1974 daAuts
     D:6: 1694 daAuts
   Sewer: 1610 daAuts
     D:7: 1207 daAuts
     D:9: 1188 daAuts
     D:4: 1085 daAuts
     D:3: 980 daAuts
     D:5: 959 daAuts
     D:1: 927 daAuts
     D:2: 898 daAuts
 Abyss:2: 302 daAuts
  Lair:1: 146 daAuts
 Abyss:3: 25 daAuts
 Abyss:1: 23 daAuts
